 Dungeon Crawl Stone Soup version 0.23.1-37-gaa34b87 (webtiles) character file.

Game seed: 13733596226720073317

2518 doot the Thaumaturge (level 9, -4/70 HPs)
             Began as a Deep Elf Wizard on Mar 27, 2019.
             Was a Believer of Sif Muna.
             Slain by a killer bee (9 damage)
             ... on level 8 of the Dungeon.
             The game lasted 00:37:38 (9819 turns).

doot the Thaumaturge (Deep Elf Wizard)              Turns: 9819, Time: 00:37:39

Health: -4/70      AC:  4    Str:  9    XL:     9   Next: 29%
Magic:  2/26       EV: 14    Int: 27    God:    Sif Muna [**....]
Gold:   346        SH:  0    Dex: 13    Spells: 17/30 levels left

rFire    . . .     SeeInvis .   e - +0 dagger (holy)
rCold    . . .     Gourm    .   (no shield)
rNeg     . . .     Faith    .   a - +0 robe
rPois    +         Spirit   .   b - +0 hat
rElec    .         Reflect  .   x - +0 cloak
rCorr    .         Harm     .   (no gloves)
MR       .....                  i - +0 pair of boots
Stlth    ..........             (no amulet)
HPRegen  0.21/turn              F - ring of stealth
MPRegen  0.20/turn              w - ring of poison resistance

@: berserking, very quick
A: no striking features
a: Divine Energy, Renounce Religion


You were on level 8 of the Dungeon.
You worshipped Sif Muna.
Sif Muna was pleased with you.
You were not hungry.

You visited 2 branches of the dungeon, and saw 9 of its levels.

You collected 346 gold pieces.

Inventory:

Hand Weapons
 e - a +0 dagger of holy wrath (weapon)
Armour
 a - a +0 robe (worn)
 b - a +0 hat (worn)
 i - a +0 pair of boots (worn)
 x - a +0 cloak (worn)
Jewellery
 j - an uncursed ring of protection from cold
 w - a ring of poison resistance (right hand)
 D - a +1 ring of protection {unknown}
 F - a ring of stealth (left hand)
Wands
 r - a wand of random effects (29)
 G - a wand of paralysis (7)
Scrolls
 c - 3 scrolls of remove curse
 g - 4 scrolls of identify
 h - 2 scrolls of teleportation
 k - 2 scrolls of enchant armour {unknown}
 n - 2 scrolls of magic mapping {unknown}
 v - a scroll of fear {unknown}
 y - a scroll of immolation {unknown}
 z - 3 scrolls of silence {unknown}
 A - 3 scrolls of amnesia {unknown}
 B - a scroll of enchant weapon {unknown}
 E - a scroll of fog {unknown}
Potions
 f - 3 potions of flight
 l - a potion of curing {unknown}
 m - a potion of haste {unknown}
 o - a potion of ambrosia {unknown}
 p - 2 potions of lignification {unknown}
 q - a potion of heal wounds {unknown}
 s - a potion of mutation {unknown}
 t - 3 potions of berserk rage
 u - 3 potions of degeneration {unknown}
 C - 2 potions of might {unknown}
Comestibles
 d - 11 rations
 H - 3 chunks of flesh


   Skills:
 + Level 1.0 Fighting
 + Level 1.7 Short Blades
 + Level 4.6 Dodging
 + Level 4.4 Stealth
 + Level 11.0 Spellcasting
 + Level 3.7 Conjurations
 + Level 6.6 Summonings
 + Level 3.6 Translocations
 + Level 1.0 Fire Magic
 + Level 2.1 Air Magic
 + Level 1.7 Poison Magic


You had 17 spell levels left.
You knew the following spells:

 Your Spells              Type           Power        Failure   Level  Hunger
a - Magic Dart            Conj           ####         1%          1    None
b - Blink                 Tloc           N/A          1%          2    None
c - Call Imp              Summ           ######..     1%          2    None
d - Slow                  Hex            ##......     6%          2    None
e - Conjure Flame         Conj/Fire      ####....     4%          3    None
f - Mephitic Cloud        Conj/Pois/Air  ####....     4%          3    None

Your spell library contained the following spells:

 Spells                   Type           Power        Failure   Level  Hunger


Dungeon Overview and Level Annotations

Branches:
Dungeon (8/15)             Temple (1/1) D:6
   Lair: D:8-11

Altars:
Ashenzari
Cheibriados
Dithmenos
Elyvilon
Gozag
Hepliaklqana
Kikubaaqudgha
Makhleb
Nemelex Xobeh
Okawaru
Qazlal
Ru
Sif Muna
Trog
Uskayaw
Wu Jian
Xom
Yredelemnul
Zin
The Shining One

Shops:
D:4 (   D:7 (


Message History

A killer bee comes into view.
The killer bee completely misses you.
Casting: Mephitic Cloud (safe; 4% risk of failure)
Confirm with . or Enter, or press ? or * to list all spells.
You blink.
Found an inky potion.
Found a stone staircase leading down.
Casting: Blink (safe; 1% risk of failure)
Confirm with . or Enter, or press ? or * to list all spells.
You don't have enough magic to cast that spell.
Unknown command.
Okay, then.
Unknown command.
It was a potion of berserk rage.
A red film seems to cover your vision as you go berserk!
You feel yourself moving faster!
You feel mighty!
Unknown command.
You closely miss the killer bee. The killer bee closely misses you.
Unknown command.
You closely miss the killer bee. The killer bee stings you!
You die...

.##....###.# #.#
..#........# #.#
..#....##### #§#
..♣♣.#.#######.##+##
♣♣♣♣.<.........#...##
♣♣...##.#####.....##
♣.♣##.# # ##.......##
♣♣y♣ ...###...y.....#
y♣ .....!..@.....+ ♣.
...##.........# ♣♣
#.##>.......##
....#.....##
♣.#####...## ♣ ##+##


You could see a killer bee.

Vanquished Creatures
  Pikel (D:7)
  An orc warrior (D:7)
  2 slaves (D:7)
  An ice beast (D:6)
  A phantom (D:4)
  A black bear (D:8)
  A big kobold (D:7)
  A bullfrog (D:7)
  A gnoll sergeant (D:7)
  4 killer bees (D:8)
  A crimson imp (D:6)
  2 bullfrog zombies
  2 orc priests
  2 hounds (D:8)
  An orc wizard (D:6)
  An iguana (D:5)
  5 gnolls
  7 adders
  A shadow imp (D:5)
  2 leopard geckos (D:1)
  4 orcs
  A ball python (D:3)
  7 bats
  3 giant cockroaches
  9 goblins
  3 hobgoblins
  5 jackals
  5 kobolds
  A quokka (D:6)
  A jackal skeleton (D:6)
  A leopard gecko zombie (D:5)
  A quokka skeleton (D:5)
  2 rats
81 creatures vanquished.

Vanquished Creatures (collateral kills)
  A centaur zombie (D:6)
  Prince Ribbit (D:7)
  Duvessa (D:4)
  A necrophage (D:5)
  2 ogres
  A bullfrog (D:6)
  Dowan (D:4)
  A scorpion (D:8)
  A killer bee (D:8)
  4 howler monkeys
  2 crimson imps
  A hound (D:6)
  2 orc priests
  A bullfrog skeleton (D:4)
  3 orc wizards
  3 worker ants
  A hound skeleton (D:6)
  Robin (D:4)
  An adder (D:5)
  12 gnolls
  2 worms
  2 leopard geckos
  13 orcs
  6 goblins
  3 jackals (D:5)
  A quokka (D:2)
  A kobold (D:3)
  A rat (D:2)
70 creatures vanquished.

Vanquished Creatures (others)
  A slave (D:7)
  A gnoll (D:7)
2 creatures vanquished.

Grand Total: 153 creatures vanquished

Notes
Turn   | Place    | Note
-------+----------+-------------------------------------------
     0 | D:1      | doot the Deep Elf Wizard began the quest for the Orb.
     0 | D:1      | Reached XP level 1. HP: 10/10 MP: 7/7
   206 | D:1      | Reached skill level 5 in Spellcasting
   206 | D:1      | Reached XP level 2. HP: 15/15 MP: 1/10
   534 | D:1      | Learned a level 2 spell: Blink
   537 | D:1      | Learned a level 2 spell: Call Imp
   540 | D:1      | Learned a level 2 spell: Slow
  1152 | D:3      | Reached XP level 3. HP: 18/19 MP: 6/11
  1164 | D:3      | Learned a level 3 spell: Conjure Flame
  1193 | D:4      | Noticed Duvessa
  1193 | D:4      | Noticed Dowan
  1813 | D:4      | Noticed Robin
  1989 | D:3      | Learned a level 3 spell: Mephitic Cloud
  2277 | D:3      | Reached skill level 6 in Spellcasting
  2277 | D:3      | Reached XP level 4. HP: 24/24 MP: 8/14
  2812 | D:4      | Noticed a phantom
  3096 | D:4      | Killed Robin
  3136 | D:4      | Killed a phantom
  3136 | D:4      | Reached XP level 5. HP: 12/28 MP: 5/16
  3314 | D:4      | Killed Duvessa
  3321 | D:4      | Killed Dowan
  3321 | D:4      | Reached skill level 7 in Spellcasting
  3706 | D:4      | Reached XP level 6. HP: 33/33 MP: 10/18
  3810 | D:4      | Found Dumaidous's Antique Weapon Shoppe.
  3832 | D:4      | Found a sparkling altar of Nemelex Xobeh.
  3930 | D:4      | Found an ornate altar of the Wu Jian Council.
  3960 | D:5      | Entered Level 5 of the Dungeon
  5349 | D:4      | Reached XP level 7. HP: 32/37 MP: 7/20
  5570 | D:5      | Reached skill level 8 in Spellcasting
  5672 | D:5      | Found a sacrificial altar of Ru.
  5749 | D:5      | Found a stormy altar of Qazlal.
  5749 | D:5      | Found an ancient bone altar of Kikubaaqudgha.
  6331 | D:6      | Found a staircase to the Ecumenical Temple.
  6345 | Temple   | Entered the Ecumenical Temple
  6435 | Temple   | Became a worshipper of Sif Muna the Loreminder
  6588 | D:6      | Found a shattered altar of Ashenzari.
  6671 | D:6      | Reached skill level 1 in Short Blades
  6671 | D:6      | Reached XP level 8. HP: 8/42 MP: 1/22
  6987 | D:6      | Found a hazy altar of Hepliaklqana.
  7046 | D:6      | Reached skill level 9 in Spellcasting
  7260 | D:6      | Reached skill level 5 in Summonings
  7460 | D:7      | Noticed Pikel
  7476 | D:7      | Killed Pikel
  7476 | D:7      | Reached * piety under Sif Muna
  7476 | D:7      | Reached skill level 10 in Spellcasting
  7476 | D:7      | Reached skill level 1 in Air Magic
  7476 | D:7      | Reached skill level 1 in Poison Magic
  7983 | D:7      | Noticed Prince Ribbit
  7999 | D:7      | Killed Prince Ribbit
  8270 | D:7      | Found a glowing golden altar of the Shining One.
  8348 | D:7      | Found a glowing silver altar of Zin.
  8350 | D:7      | Found a white marble altar of Elyvilon.
  8754 | D:7      | Reached XP level 9. HP: 45/46 MP: 4/25
  9213 | D:7      | Found Egim's Antique Weapon Emporium.
  9583 | D:8      | Reached ** piety under Sif Muna
  9606 | D:8      | Reached skill level 1 in Fighting
  9606 | D:8      | Reached skill level 1 in Fire Magic
  9781 | D:8      | Reached skill level 11 in Spellcasting
  9808 | D:8      | HP: 2/47 [killer bee (6)]
  9819 | D:8      | Slain by a killer bee

Skill      XL: |  1  2  3  4  5  6  7  8  9 |
---------------+----------------------------+-----
Spellcasting   | 5 6 7 8 10 11 | 11.0
Summonings     | 2 3 4 6 |  6.6
Stealth        | 3 4 |  4.4
Conjurations   | 2 3 |  3.7
Dodging        | 3 4 |  4.6
Translocations | 2 3 |  3.6
Short Blades   | 1 |  1.7
Air Magic      | 2 |  2.1
Poison Magic   | 1 |  1.7
Fighting       | 1 |  1.0
Fire Magic     | 1 |  1.0

Action                   |  1- 3 |  4- 6 |  7- 9 || total
-------------------------+-------+-------+-------++-------
Melee: Dagger            |     2 |    16 |    63 ||    81
 Cast: Magic Dart        |    75 |    45 |    60 ||   180
       Call Imp          |    27 |    66 |    69 ||   162
       Blink             |     2 |    13 |    20 ||    35
       Conjure Flame     |     2 |       |    16 ||    18
       Mephitic Cloud    |     1 |     9 |    27 ||    37
  Use: Scroll            |       |       |     4 ||     4
       Potion            |       |       |     1 ||     1
 Stab: Confused          |       |     2 |     3 ||     5
       Distracted        |       |     1 |     1 ||     2
       Sleeping          |       |       |     2 ||     2
  Eat: Chunk             |     4 |     9 |     4 ||    17
       Ration            |       |       |     3 ||     3
Armor: Robe              |     4 |    11 |    15 ||    30
Dodge: Dodged            |    39 |    66 |    96 ||   201
